 Dungeon Crawl Stone Soup version 0.28.0-53-g5a82cb258f (webtiles) character file.

Game seed: 7296006379434276388

1353 jayd512 the Skirmisher (level 8, 70/70 HPs)
             Began as a Pale Draconian Cinder Acolyte on June 28, 2022.
             Was a High Priest of Ignis.
             Quit the game on level 4 of the Dungeon.
             The game lasted 00:54:14 (4751 turns).

jayd512 the Skirmisher (DrCA)                       Turns: 4751, Time: 00:54:15

Health: 70/70      AC: 13    Str: 17    XL:     8   Next: 37%
Magic:  12/12      EV: 14    Int: 15    God:    Ignis [*****.]
Gold:   42         SH:  0    Dex: 14    Spells: 4/13 levels left

rFire   + . .      SeeInvis .   a - -1 spear (flame)
rCold   . . .      Faith    .   (no shield)
rNeg    . . .      Spirit   .   (armour unavailable)
rPois   .          Reflect  .   d - +1 hat
rElec   .          Harm     .   m - +0 cloak
rCorr   .          Rampage  .   e - +0 pair of gloves
Will    .....                   (no boots)
Stlth   +.........              (no amulet)
HPRegen 0.21/turn               k - +4 ring of protection
MPRegen 0.13/turn               p - +6 ring of dexterity

@: no status effects
A: breathe steam, AC +6, unfitting armour, cold-blooded, steam resistance
a: Breathe Steam, Renounce Religion, Fiery Armour, Foxfire Swarm, Rising Flame


You were on level 4 of the Dungeon.
You worshipped Ignis.
Ignis was extremely pleased with you.
You visited 1 branch of the dungeon, and saw 5 of its levels.

You collected 294 gold pieces.
You spent 252 gold pieces at shops.

Inventory:

Hand Weapons
 a - a -1 spear of flaming (weapon)
 l - a +0 club
Missiles
 b - 6 javelins (quivered)
 g - 2 poisoned darts
Armour
 d - a +1 hat (worn)
 e - a +0 pair of gloves (worn)
 m - a +0 cloak (worn)
Jewellery
 c - a +4 ring of protection
 k - a +4 ring of protection (left hand)
 p - a +6 ring of dexterity (right hand)
Potions
 f - 3 potions of curing
 h - 3 potions of attraction
 i - a potion of haste
 j - 3 potions of heal wounds
 n - 3 potions of mutation
 o - a potion of brilliance
 q - a potion of resistance
 r - a potion of flight


   Skills:
 * Level 6.1 Fighting
 - Level 3.2 Polearms
 + Level 4.8 Dodging
 - Level 3.1 Spellcasting
 + Level 4.3 Conjurations
 + Level 5.7 Fire Magic


You had 4 spell levels left.
You knew the following spells:

 Your Spells              Type           Power      Damage    Failure   Level
a - Scorch                Fire           38%        2d7       2%          2
b - Searing Ray           Conj           30%        2d5       5%          2
h - Fireball              Conj/Fire      8%         3d6       56%         5

Your spell library contained the following spells:

 Spells                   Type           Power      Damage    Failure   Level
 Magic Dart               Conj           60%        1d6       3%          1
 Sting                    Tmut/Pois      8%         1d3       21%         1
 Poisonous Vapours        Pois/Air       4%         N/A       30%         2
 Fulminant Prism          Conj/Hex       4%         3d6       63%         4
 Olgreb's Toxic Radiance  Pois           2%         N/A       89%         4
 Starburst                Conj/Fire      8%         6d4       98%         6
 Ignition                 Fire           9%         3d5       100%        8


Dungeon Overview and Level Annotations

Branches:
Dungeon (5/15)
 Temple: D:4-7

Altars:
Makhleb
Nemelex Xobeh

Shops:
D:1 !   D:4 :=


Innate Abilities, Weirdness & Mutations

You can breathe blasts of scalding, opaque steam.
Your pale cyan-grey scales are hard. (AC +6)
You cannot fit into any form of body armour.
You are cold-blooded and may be slowed by cold attacks.
You are immune to the effects of steam.


Message History

There is a stone staircase leading up here.
You climb upwards.
There is a stone staircase leading down here.
(D) Dungeon
Where to? (Enter - D:3, ? - help)
There is a stone staircase leading up here.
You climb upwards.
There is a stone staircase leading down here.
(D) Dungeon
Where to? (Enter - D:2, ? - help)
There is a stone staircase leading up here.
You climb upwards.
There is a stone staircase leading down here.
You see here a +0 robe.
You see here a +0 robe.
There is an entrance to Xona's Distillery here.
j - 3 potions of heal wounds (gained 1);
i - a potion of haste
r - a potion of flight Thank you for shopping at Xona's Distillery!
You can access your shopping list by pressing '$'.
(D) Dungeon
Where to? (Enter - D:1 @ (x,y), ? - help)
There is a stone staircase leading down here.
You climb downwards.
There is a stone staircase leading up here.
(D) Dungeon
Where to? (Enter - D:2, ? - help)
There is a stone staircase leading down here.
You climb downwards.
There is a stone staircase leading up here.
(D) Dungeon
Where to? (Enter - D:3, ? - help)
There is a stone staircase leading down, spattered with blood here.
You see here a +2 dagger of electrocution.
You climb downwards.
There is a stone staircase leading up here.
There is an entrance to Tidumaf's Jewellery Shoppe here.
You can access your shopping list by pressing '$'.
Unknown command.
Are you sure you want to abandon this character and quit the game? (Confirm with "yes".)

#...# #...### ......#####
..........#
......###.############ #...###
#............# #...#
########8#...#
##.##########........#
..............<.@.>..#
.#.#########^.......## ######
.#.# #.###8#.## #.....
.#.#########.#####.## #.####
.#.....##...........########.####
.####............................
.# #).##.#..####...########.###.
.####..##.#.....#.....######.# #.
.............##..............###.


There were no monsters in sight!

Vanquished Creatures
  Sigmund (D:5)
  Menkaure (D:5)
  Duvessa (D:5)
  2 necrophages (D:4)
  An ice beast (D:5)
  A centaur (D:5)
  A phantom (D:4)
  2 scorpions (D:5)
  Dowan (D:5)
  A hound (D:4)
  Ijyb (D:5)
  2 iguanas (D:5)
  A hound zombie (D:5)
  2 hound skeletons
  Robin (D:3)
  7 adders
  5 gnolls
  An adder zombie (D:5)
  2 dart slugs
  An orc (D:5)
  13 ball pythons
  5 bats
  3 endoplasms (D:2)
  5 giant cockroaches (D:1)
  15 hobgoblins
  2 jackals (D:2)
  6 kobolds
  2 quokkas
  7 frilled lizards
  20 goblins
  8 rats
121 creatures vanquished.

Notes
Turn   | Place    | Note
-------+----------+-------------------------------------------
     0 | D:1      | jayd512 the Draconian Cinder Acolyte began the quest for
                  | the Orb.
     0 | D:1      | Reached XP level 1. HP: 19/19 MP: 2/2
     6 | D:1      | Noticed a black mamba
     6 | D:1      | Noticed a komodo dragon
     6 | D:1      | Noticed a swamp worm
     6 | D:1      | Noticed a hog
   119 | D:1      | Reached XP level 2. HP: 26/26 MP: 3/3
   122 | D:1      | Learned a level 2 spell: Scorch
   197 | D:1      | Found Xona's Distillery.
   521 | D:1      | Reached XP level 3. HP: 33/33 MP: 4/4
   545 | D:1      | Reached skill level 4 in Fighting
   907 | D:1      | Bought a potion of curing for 36 gold pieces
  1034 | D:2      | Found a sparkling altar of Nemelex Xobeh.
  1319 | D:2      | Reached XP level 4. HP: 40/40 MP: 1/6
  1461 | D:2      | Identified the +2 leather armour of Wariness {rC++ Str-4
                  | Dex+2 SInv}
  1545 | D:2      | Reached skill level 1 in Dodging
  1629 | D:2      | Reached skill level 1 in Conjurations
  2005 | D:3      | Reached XP level 5. HP: 40/47 MP: 7/7
  2310 | D:3      | Noticed Robin
  2322 | D:3      | Killed Robin
  2553 | D:3      | Learned a level 2 spell: Searing Ray
  2593 | D:4      | Found Qibih's Book Boutique.
  2698 | D:4      | Noticed a necrophage
  2722 | D:4      | Killed a necrophage
  2723 | D:4      | Reached XP level 6. HP: 51/55 MP: 2/9
  2762 | D:4      | Reached skill level 5 in Fighting
  3120 | D:4      | Found Tidumaf's Jewellery Shoppe.
  3142 | D:4      | Your scales start taking on a pale cyan-grey colour.
  3142 | D:4      | Reached XP level 7. HP: 61/61 MP: 7/11
  3142 | D:4      | Gained mutation: You are immune to the effects of steam.
                  | [Pale Draconian growth]
  3483 | D:4      | Found a burning altar of Makhleb.
  3604 | D:5      | Entered Level 5 of the Dungeon
  3604 | D:5      | Noticed Duvessa
  3604 | D:5      | Noticed Dowan
  3609 | D:5      | Noticed Menkaure
  3836 | D:5      | Noticed Sigmund
  3850 | D:5      | Killed Sigmund
  3851 | D:5      | Reached skill level 5 in Fire Magic
  3964 | D:5      | Noticed Ijyb
  3970 | D:5      | Paralysed by Ijyb for 2 turns
  3979 | D:5      | Paralysed by Ijyb for 5 turns
  4002 | D:5      | Killed Ijyb
  4003 | D:5      | Reached XP level 8. HP: 60/70 MP: 12/12
  4032 | D:5      | Killed Duvessa
  4035 | D:5      | Killed Dowan
  4036 | D:5      | Reached skill level 6 in Fighting
  4186 | D:5      | Killed Menkaure
  4542 | D:4      | Learned a level 5 spell: Fireball
  4686 | D:1      | Bought a potion of heal wounds for 60 gold pieces
  4686 | D:1      | Bought a potion of haste for 120 gold pieces
  4686 | D:1      | Bought a potion of flight for 36 gold pieces
  4751 | D:4      | Quit the game

Illustrated notes

Levels and vault maps discovered:
D:1:      onia_arrival_zoo_common, layout_rooms, serial_shops, shop,
          minmay_misc_feat_encased
D:2:      layout_basic, basic_altar
D:3:      layout_rooms, uniq_robin
D:4:      cheibrodos_greedy_goblins, layout_loops_ring, general_overflow_altar,
          nicolae_stop_n_shop_2, nicolae_take_the_stairs, serial_bayou_pond_e
D:5:      minmay_polygon_palace, layout_gridville, uniq_ijyb, uniq_menkaure,
          uniq_duvessa, uniq_sigmund

Skill      XL: |  1  2  3  4  5  6  7  8 |
---------------+-------------------------+-----
Fighting       | 4 5 6 |  6.1
Dodging        | 1 2 4 |  4.8
Conjurations   | 1 2 3 4 |  4.3
Spellcasting   | 2 3 |  3.1
Fire Magic     | 4 5 |  5.7
Polearms       | |  3.2

Action                   |  1- 3 |  4- 6 |  7- 9 || total
-------------------------+-------+-------+-------++-------
Melee: Spear             |   115 |   138 |    60 ||   313
       Tailslap          |     6 |    12 |     7 ||    25
       Punch             |       |     1 |     3 ||     4
Throw: Dart              |     7 |     5 |     6 ||    18
       Javelin           |       |     5 |    12 ||    17
 Cast: Scorch            |    15 |    11 |    10 ||    36
       Searing Ray       |       |     5 |     7 ||    12
Invok: Fiery Armour      |       |     1 |       ||     1
 Abil: Breathe Steam     |       |       |     9 ||     9
  Use: Scroll            |       |     6 |     1 ||     7
 Stab: Sleeping          |     1 |     1 |       ||     2
Armor: Skin              |    54 |    67 |    25 ||   146
Dodge: Dodged            |    73 |    69 |    41 ||   183
